AoeStats
← urmomhappy

Lombardia

510012973Analyzed
4v4 RM · 5d ago on Sep 29, 2026· 75m 49s· 8 players
Game mode
Random Map
Map size
Large (8 player)
Population
200
Speed
Normal
Resources
Standard
Victory
Conquest
Starting age
Dark Age
Ending age
Imperial Age
RankedLock teamsTeams togetherTeam positionsShared explorationLock speedFull tech treeHidden civsTurbo modeCheats
Victory
Defeat
🇺🇸 Hindustanis · United States
1373
+8
🇺🇸 Mongols · United States
1079
+18
🇺🇸 Turks · United States
1000
+68
🇺🇸 Gurjaras · United States
955
+66
🇺🇸 Gurjaras · United States
1190
-20
🇺🇸 Saxons · United States
1153
-18
🇺🇸 Varangians · United States
1069
-15
🇲🇽 Lithuanians · Mexico
1061
-14
urmomhappy
7:19 Loom
9:25 Feudal Age
10:12 Double-Bit Axe
10:07 Horse Collar
15:17 Wheelbarrow
17:58 Castle Age
16:40 Stone Mining
16:47 Gold Mining
19:35 Bow Saw
19:26 Heavy Plow
24:07 Hand Cart
27:14 Gold Shaft Mining
27:19 Stone Shaft Mining
28:30 Caravan
30:26 Forging
30:17 Scale Mail Armor
33:17 Imperial Age
31:15 Town Watch
32:21 Ballistics
32:12 Masonry
32:19 Chain Mail Armor
32:40 Iron Casting
32:31 Fortified Wall
32:08 Treadmill Crane
32:38 Fletching
33:32 Kshatriyas
33:36 Arson
34:30 Plate Mail Armor
34:33 Crop Rotation
33:36 Elite Chakram Thrower
34:37 Conscription
34:57 Hoardings
34:57 Frontier Guards
34:07 Elite Chakram Thrower
35:52 Chemistry
34:48 Murder Holes
35:23 Architecture
34:52 Bodkin Arrow
36:07 Frontier Guards
36:02 Town Patrol
36:26 Thumb Ring
36:27 Padded Archer Armor
36:31 Bracer
36:10 Elite Elephant Archer
37:42 Leather Archer Armor
45:40 Siege Elephant
49:39 Coinage
50:40 Bloodlines
50:31 Husbandry
56:53 Light Cavalry
57:05 Elite Skirmisher
57:46 Hussar
59:11 Heavy Camel Rider
59:42 Heavy Camel Rider
60:08 Heavy Scorpion
62:23 Elite Shrivamsha Rider
63:51 Scale Barding Armor
65:47 Chain Barding Armor
67:49 Plate Barding Armor
ExamofSingular
12:04 Feudal Age
12:40 Loom
14:30 Double-Bit Axe
16:57 Castle Age
16:24 Horse Collar
18:17 Bow Saw
18:19 Loom
20:29 Wheelbarrow
21:57 Heavy Plow
25:43 Town Watch
25:49 Town Watch
26:24 Hand Cart
28:15 Thumb Ring
28:03 Fletching
28:47 Bloodlines
28:37 Husbandry
29:13 Town Patrol
33:19 Imperial Age
31:31 Sipahi
31:13 Bodkin Arrow
32:54 Ballistics
32:48 Gold Mining
32:48 Stone Mining
33:35 Heavy Cavalry Archer
34:41 Parthian Tactics
34:27 Bracer
35:16 Conscription
39:27 Artillery
40:59 Caravan
40:50 Heavy Camel Rider
43:22 Forging
43:18 Scale Barding Armor
46:20 Iron Casting
51:25 Chain Barding Armor
61:23 Plate Barding Armor
61:48 Blast Furnace
63:51 Capped Ram
68:32 Cavalier
69:25 Treadmill Crane
dageorge115
10:20 Feudal Age
11:14 Loom
14:01 Castle Age
14:18 Double-Bit Axe
15:10 Wheelbarrow
14:21 Town Watch
23:00 Stone Mining
23:57 Horse Collar
24:57 Stone Shaft Mining
24:17 Gold Mining
27:00 Heavy Plow
31:41 Imperial Age
30:07 Gold Shaft Mining
29:52 Bow Saw
29:50 Fletching
30:22 Bloodlines
30:19 Husbandry
30:22 Padded Archer Armor
31:46 Masonry
31:32 Murder Holes
32:59 Parthian Tactics
33:01 Conscription
34:31 Hoardings
34:48 Bodkin Arrow
35:09 Leather Archer Armor
36:31 Elite Mangudai
38:16 Bracer
38:59 Siege Engineers
39:56 Chemistry
39:17 Ballistics
41:19 Fortified Wall
41:10 Light Cavalry
42:30 Hussar
43:21 Scale Barding Armor
43:27 Forging
46:59 Iron Casting
46:45 Chain Barding Armor
52:17 Blast Furnace
59:56 Caravan
gil-galad14
9:05 Loom
11:45 Feudal Age
12:19 Double-Bit Axe
12:30 Horse Collar
16:22 Castle Age
14:27 Horse Collar
17:44 Bow Saw
17:02 Light Cavalry
17:53 Bloodlines
17:53 Scale Barding Armor
22:28 Wheelbarrow
22:44 Heavy Plow
23:36 Bloodlines
24:07 Gold Mining
25:30 Hand Cart
25:14 Stone Mining
28:17 Husbandry
29:31 Chain Barding Armor
31:43 Imperial Age
29:46 Caravan
30:01 Masonry
30:06 Forging
32:24 Iron Casting
31:55 Heavy Camel Rider
34:09 Plate Barding Armor
34:35 Blast Furnace
34:28 Conscription
34:25 Imperial Camel Rider
41:50 Grand Trunk Road
47:48 Hussar
49:09 Scale Mail Armor
49:58 Hoardings
50:33 Chemistry
49:45 Siege Engineers
50:59 Elite Ghulam
52:03 Chain Mail Armor
57:20 Ballistics
56:50 Guard Tower
58:01 Chemistry
56:53 Fletching
62:53 Murder Holes
70:22 Bodkin Arrow
72:39 Bracer
Gustatro
4:35 Loom
11:33 Feudal Age
16:11 Castle Age
18:19 Double-Bit Axe
24:30 Horse Collar
27:12 Forging
29:15 Heavy Plow
30:31 Scale Barding Armor
29:51 Pikeman
35:25 Imperial Age
33:34 Wheelbarrow
35:20 Bow Saw
35:30 Elite Leitis
37:04 Iron Casting
36:50 Chain Barding Armor
36:42 Bloodlines
36:32 Husbandry
36:41 Fletching
37:02 Gold Mining
37:06 Stone Mining
40:38 Hoardings
40:40 Plate Barding Armor
40:39 Padded Archer Armor
40:39 Bodkin Arrow
40:19 Elite Skirmisher
41:45 Leather Archer Armor
41:58 Tower Shields
42:19 Conscription
43:09 Hand Cart
42:39 Town Watch
43:12 Bracer
43:59 Ring Archer Armor
44:52 Tower Shields
45:55 Ballistics
46:36 Chemistry
46:01 Thumb Ring
45:59 Light Cavalry
46:01 Cavalier
46:50 Tower Shields
47:39 Crop Rotation
48:20 Two-Man Saw
49:19 Caravan
50:49 Thumb Ring
52:23 Winged Hussar
52:28 Paladin
55:14 Winged Hussar
56:12 Scale Mail Armor
57:43 Plate Barding Armor
57:11 Squires
56:56 Arson
60:44 Halberdier
63:45 Chain Mail Armor
Winston Smokehill
9:43 Loom
11:42 Feudal Age
14:33 Forging
14:29 Double-Bit Axe
14:30 Horse Collar
15:19 Bloodlines
19:35 Castle Age
22:13 Husbandry
23:14 Iron Casting
22:45 Scale Barding Armor
25:10 Wheelbarrow
25:40 Stone Mining
29:27 Hand Cart
29:31 Bow Saw
29:35 Heavy Plow
33:00 Imperial Age
31:19 Iron Casting
33:33 Scale Barding Armor
35:10 Blast Furnace
34:39 Elite Jarl
36:31 Chain Barding Armor
39:56 Conscription
40:14 Plate Barding Armor
40:00 Pikeman
40:40 Squires
40:43 Scale Mail Armor
42:08 Conscription
42:08 Chain Mail Armor
43:13 Halberdier
44:26 Plate Mail Armor
44:47 Gold Mining
45:11 Fletching
46:30 Bodkin Arrow
46:36 Padded Archer Armor
47:05 Elite Skirmisher
47:46 Bracer
50:04 Leather Archer Armor
50:23 Ballistics
52:11 Ring Archer Armor
53:15 Light Cavalry
57:55 Hussar
59:24 Elite Varangian Guard
61:52 Two-Man Saw
68:16 Chemistry
tbird
7:13 Loom
10:25 Feudal Age
15:36 Castle Age
13:27 Horse Collar
13:33 Double-Bit Axe
18:47 Bow Saw
21:52 Town Watch
23:36 Gold Mining
24:47 Wheelbarrow
24:35 Fletching
24:45 Padded Archer Armor
25:04 Heavy Plow
25:02 Stone Mining
25:04 Crossbowman
26:17 Bodkin Arrow
26:48 Leather Archer Armor
27:04 Town Patrol
28:11 Hand Cart
28:50 Scale Mail Armor
28:53 Squires
29:43 Forging
30:31 Thumb Ring
31:13 Ballistics
35:29 Imperial Age
35:07 Masonry
35:06 Treadmill Crane
35:33 Arbalester
36:22 Bracer
36:53 Ring Archer Armor
37:25 Chemistry
36:58 Architecture
38:29 Conscription
40:52 Two-Man Saw
41:40 Hoardings
41:51 Guard Tower
42:08 Siege Engineers
43:13 Murder Holes
52:46 Elite Varangian Guard
55:34 Capped Ram
56:22 Elite Skirmisher
56:59 Siege Ram
59:44 Pikeman
60:41 Chain Mail Armor
60:43 Halberdier
63:53 Plate Mail Armor
ibtip
8:10 Loom
8:40 Loom
8:46 Loom
12:00 Feudal Age
12:41 Horse Collar
12:48 Double-Bit Axe
18:31 Castle Age
17:50 Bloodlines
19:39 Bow Saw
20:02 Gold Mining
20:18 Husbandry
26:32 Wheelbarrow
27:02 Stone Mining
28:07 Caravan
28:53 Hand Cart
31:03 Scale Barding Armor
31:09 Forging
34:27 Imperial Age
32:32 Masonry
33:52 Kshatriyas
35:32 Chain Barding Armor
36:00 Heavy Camel Rider
40:05 Plate Barding Armor
40:05 Iron Casting
41:44 Gold Shaft Mining
42:58 Conscription
43:43 Frontier Guards
47:02 Fletching
69:47 Hoardings
Connection lost

Rejoining the realm…

Still unreachable

The connection could not be restored.

Session expired

The server has moved on; the page needs a fresh start.